Map: [ESL] Inside and Out

Players

Astrea - Winner!

  • Race: Protoss Protoss
  • Spawn Location: 7:00

Lambo

  • Race: Zerg Zerg
  • Spawn Location: 1:00

Event: DreamHack SC2 Masters 2022 Atlanta (Offline)

VOD

Have the link to the VOD?

Description

Time

  • Played on: Nov. 19, 2022, 10:52 a.m.
  • Length: 9:38

All games in this series

Show
View Real Time Build Order
Export as new Build Order

Astrea Protoss - Winner!

Build Orders: 1 Gate Expand, Oracle Opening 

Get SALT Encoding   

  12  0:00  Probe  
  13  0:12  Probe  
  14  0:17  Pylon  
  14  0:24  Probe (Chrono Boost)  
  15  0:36  Probe (Chrono Boost)  
  15  0:37  Gateway  
  16  0:44  Probe (Chrono Boost)  
  16  0:47  Assimilator  
  17  0:51  Probe  
  18  1:03  Probe  
  19  1:15  Probe  
  20  1:24  Nexus  
  20  1:27  Probe  
  21  1:36  Cybernetics Core  
  21  1:42  Assimilator  
  21  1:45  Probe  
  22  1:52  Pylon  
  22  1:57  Probe  
  23  2:10  Probe (Chrono Boost)  
  23  2:11  Adept (Chrono Boost)  
  26  2:19  Stargate, Probe (Chrono Boost)  
  27  2:24  Probe (Chrono Boost)  
  27  2:28  Warp Gate  
  28  2:36  Probe (Chrono Boost)  
  32  2:38  Stalker  
  32  2:42  Probe (Chrono Boost)  
  32  2:46  Probe (Chrono Boost)  
  32  2:50  Probe (Chrono Boost)  
  32  2:51  Probe (Chrono Boost)  
  35  3:00  Probe  
  35  3:02  Probe  
  35  3:04  Oracle (Chrono Boost)  
  40  3:05  Pylon  
  41  3:12  Probe  
  41  3:14  Probe  
  42  3:22  Gateway  
  42  3:25  Probe  
  42  3:26  Probe  
  46  3:34  Oracle (Chrono Boost)  
  46  3:37  Probe  
  46  3:38  Probe  
  49  3:45  Nexus  
  49  3:47  Pylon  
  49  3:49  Probe  
  51  4:00  Twilight Council  
  50  4:06  Gateway  
  50  4:07  Gateway  
  50  4:09  Probe x2  
  52  4:13  Pylon  
  52  4:15  Assimilator  
  52  4:16  Adept  
  54  4:21  Adept, Probe  
  54  4:23  Probe  
  58  4:31  Resonating Glaives (Chrono Boost)  
  58  4:33  Probe  
  58  4:35  Pylon  
  58  4:37  Probe  
  60  4:43  Adept x2  
  60  4:45  Pylon, Probe  
  65  4:53  Probe  
  65  4:58  Probe x2  
  64  5:02  Shield Battery  
  64  5:03  Adept x3  
  64  5:06  Adept  
  72  5:09  Probe  
  73  5:15  Probe  
  73  5:20  Probe  
  75  5:22  Probe  
  75  5:24  Adept x2  
  75  5:27  Adept, Probe  
  75  5:28  Adept  
  85  5:32  Probe  
  85  5:34  Probe  
  85  5:40  Probe  
  86  5:44  Probe  
  86  5:46  Forge, Probe  
  88  5:50  Adept x4  
  88  5:53  Probe  
  88  5:55  Assimilator  
  88  5:56  Probe  
  98  5:59  Assimilator, Probe  
  98  6:01  Robotics Facility  
  98  6:04  Pylon  
  97  6:07  Probe  
  98  6:12  Probe  
  98  6:14  Probe  
  98  6:19  Probe  
  98  6:23  Stalker x4  
  98  6:24  Probe  
  104  6:31  Probe  
  104  6:32  Probe  
  100  6:40  Protoss Ground Weapons Level 1 (Chrono Boost)  
  100  6:42  Gateway  
  100  6:45  Gateway x2  
  100  6:46  Gateway  
  94  6:48  Pylon, Stalker x4, Probe  
  94  6:49  Observer (Chrono Boost)  
  100  6:56  Assimilator  
  96  7:01  Robotics Bay  
  96  7:03  Warp Prism (Chrono Boost)  
  96  7:04  Pylon  
  96  7:05  Shield Battery  
  98  7:20  Blink (Chrono Boost)  
  98  7:21  Stalker x2  
  98  7:22  Stalker x2  
  106  7:26  Shield Battery  
  106  7:46  Stalker  
  106  7:47  Disruptor (Chrono Boost)  
  106  7:50  Pylon  
  106  7:51  Pylon  
  111  7:55  Nexus  
  111  7:57  Adept x2  
  115  7:58  Adept x2  
  115  8:00  Stalker x3  
  125  8:10  Pylon  
  125  8:13  Pylon  
  125  8:18  Disruptor (Chrono Boost)  
  128  8:29  Stalker x8  
  128  8:30  Probe x3  
  144  8:42  Probe  
  144  8:44  Probe x2  
  147  8:50  Photon Cannon  
  147  8:53  Shield Battery  
  147  8:58  Probe x2  
  147  8:59  Disruptor  
  148  9:12  Stalker x8  
  148  9:15  Probe  
  163  9:25  Probe  
  164  9:35  Stalker x2  
  164  9:36  Stalker x2  
  164  9:37  Stalker x2  
  164  9:38  Stalker  
Show
View Real Time Build Order
Export as new Build Order

Lambo Zerg 

Build Orders: Hatch First 

Get SALT Encoding   

  12  0:00  Drone  
  13  0:12  Overlord  
  13  0:16  Drone  
  14  0:31  Drone x2  
  16  0:43  Drone  
  17  0:52  Hatchery  
  16  0:57  Drone  
  16  0:58  Drone  
  18  1:13  Extractor  
  18  1:16  Spawning Pool  
  18  1:17  Drone  
  17  1:22  Drone  
  18  1:28  Drone  
  19  1:41  Drone  
  20  1:55  Overlord  
  20  2:02  Queen  
  20  2:04  Queen  
  20  2:05  Drone, Zergling x2  
  26  2:14  Metabolic Boost  
  27  2:15  Zergling x2  
  27  2:16  Drone  
  28  2:24  Drone  
  28  2:26  Drone  
  30  2:33  Drone  
  31  2:41  Hatchery  
  30  2:45  Drone  
  30  2:49  Drone  
  30  2:50  Overlord  
  32  2:56  Queen  
  34  3:03  Drone  
  34  3:04  Drone  
  36  3:09  Queen  
  38  3:16  Drone x4  
  41  3:23  Overlord  
  41  3:24  Drone  
  41  3:26  Drone  
  43  3:34  Overlord  
  43  3:40  Queen  
  46  3:41  Drone  
  46  3:43  Zergling x4  
  46  3:44  Drone  
  49  3:49  Drone  
  49  3:51  Drone  
  49  3:54  Drone  
  49  3:55  Spore Crawler, Queen  
  52  3:59  Overlord  
  52  4:00  Drone  
  52  4:05  Drone x4  
  56  4:11  Drone  
  56  4:13  Spore Crawler  
  56  4:14  Drone x2  
  56  4:16  Drone x2  
  60  4:19  Drone  
  60  4:20  Drone  
  60  4:23  Overlord  
  62  4:25  Drone  
  62  4:27  Drone  
  62  4:29  Drone  
  65  4:32  Overlord  
  65  4:36  Drone x2  
  62  4:40  Zergling x2  
  62  4:43  Zergling x2  
  64  4:50  Drone x4  
  66  4:56  Drone x4  
  70  5:00  Lair, Roach Warren  
  70  5:01  Drone  
  70  5:02  Drone  
  70  5:03  Extractor  
  70  5:06  Drone  
  71  5:10  Spore Crawler, Drone x2  
  69  5:15  Drone x4  
  69  5:20  Drone x4  
  76  5:27  Drone x3  
  79  5:32  Overlord  
  79  5:33  Overlord  
  79  5:34  Drone  
  79  5:37  Drone  
  79  5:38  Drone x2  
  79  5:42  Roach  
  84  5:48  Roach x2  
  89  5:50  Roach x2  
  89  5:53  Roach x2  
  89  5:56  Roach x3  
  101  6:00  Glial Reconstitution  
  101  6:02  Extractor  
  101  6:03  Extractor  
  99  6:09  Roach x2  
  100  6:12  Overlord  
  92  6:22  Zergling x18  
  90  6:37  Zergling x2  
  90  6:38  Zergling x4  
  86  6:49  Drone x4  
  86  6:51  Drone  
  89  7:00  Drone  
  90  7:02  Drone  
  90  7:06  Drone x3  
  90  7:08  Drone  
  95  7:09  Drone  
  95  7:11  Hatchery  
  95  7:13  Drone x2  
  95  7:15  Drone x2  
  98  7:18  Drone  
  98  7:21  Drone x2  
  99  7:26  Evolution Chamber  
  99  7:27  Drone  
  99  7:29  Drone x3  
  101  7:33  Drone  
  101  7:34  Drone  
  101  7:37  Extractor, Drone x2  
  102  7:38  Drone, Extractor  
  102  7:40  Drone  
  105  7:48  Drone x2  
  105  7:50  Drone  
  108  7:53  Infestation Pit  
  108  7:57  Overlord x2  
  107  7:58  Overlord  
  107  8:03  Overlord  
  107  8:04  Hydralisk Den, Overlord  
  106  8:09  Overlord  
  106  8:10  Overlord  
  106  8:19  Roach x7  
  120  8:25  Roach x5  
  129  8:29  Roach x2  
  129  8:30  Ravager x3  
  136  8:35  Roach x3  
  136  8:38  Roach  
  136  8:39  Zergling x2  
  136  8:40  Zergling x2  
  146  8:51  Zergling x12  
  146  8:54  Zergling x2  
  153  8:58  Drone x4  
  157  9:06  Drone x5  
  157  9:08  Roach  
  130  9:11  Roach  
  130  9:14  Roach  
  130  9:16  Roach  
  132  9:18  Roach  
Tags
 
Add a new tag
Caveats
  • Supply blocks, unpowered buildings, or Contaminate may cause inaccurate times.
  • Supply counts are checked every 10 seconds.